 Dungeon Crawl Stone Soup version 0.27-a0-1219-g958d993ae5 (console) character file.

Game seed: 7486057830750933436

13 jejorda2 the Slasher (level 2, -1/24 HPs)
             Began as a Merfolk Berserker on June 6, 2021.
             Was a Follower of Trog.
             Slain by a goblin
             ... wielding a +2 dagger of venom
              (3 damage)
             ... on level 2 of the Dungeon.
             The game lasted 00:01:10 (1091 turns).

jejorda2 the Slasher (Merfolk Berserker)            Turns: 1091, Time: 00:01:11

Health: -1/24      AC:  2    Str: 17    XL:     2   Next: 37%
Magic:  2/2        EV: 12    Int:  6    God:    Trog [*.....]
Gold:   77         SH:  3    Dex: 13    Spells: 1/1 levels left

rFire    . . .     SeeInvis .   a - +0 falchion
rCold    . . .     Faith    .   e - +0 buckler
rNeg     . . .     Spirit   .   b - +0 animal skin
rPois    .         Reflect  .   (no helmet)
rElec    .         Harm     .   (no cloak)
rCorr    .         Rampage  .   (no gloves)
Will     .....                  (no boots)
Stlth    +.........             (no amulet)
HPRegen  0.08/turn              (no ring)
MPRegen  0.08/turn              (no ring)

@: lethally poisoned (-1 -> -16)
A: (nimble swimmer 2), mertail
a: Renounce Religion, Berserk


You were on level 2 of the Dungeon.
You worshipped Trog.
Trog was aware of your devotion.
You visited 1 branch of the dungeon, and saw 2 of its levels.

You collected 77 gold pieces.

Inventory:

Hand Weapons
 a - a +0 falchion (weapon)
Armour
 b - a +0 animal skin (worn)
 e - a +0 buckler (worn)
Scrolls
 f - a scroll of silence {unknown}
 g - a scroll of identify {unknown}
Potions
 c - 2 potions of flight {unknown}
 d - a potion of lignification {unknown}


   Skills:
 + Level 3.4 Fighting
 * Level 3.6 Long Blades
 + Level 1.5 Armour
 - Level 2.6 Dodging
 * Level 0.8 Shields


You had one spell level left.
You didn't know any spells.
Your spell library was empty.

Dungeon Overview and Level Annotations

Branches:
Dungeon (2/15)

Altars:


Innate Abilities, Weirdness & Mutations

((You are quick and stealthy near water. (Stealth+, EV+, Speed+++)))
Your lower body shifts to a powerful aquatic tail in water.


Message History

Done exploring.
(D) Dungeon
Where to? (? - help)
There is a stone staircase leading down here.
You climb downwards.
There is a stone staircase leading up here.
There is a stone staircase leading up here.
Found a robe.
You now have 65 gold pieces (gained 9).
You now have 77 gold pieces (gained 12).
A frilled lizard comes into view.
Found an escape hatch in the ceiling.
Found a stone staircase leading up.
The frilled lizard hisses angrily.
You slash the frilled lizard!
You kill the frilled lizard!
Trog accepts your kill.
No target in view!
There is an escape hatch in the ceiling here.
There is a stone staircase leading up here.
A goblin comes into view. It is wielding a +2 dagger of venom.
The goblin shouts!
The goblin hits you with a +2 dagger of venom.
You barely miss the goblin.
The goblin hits you with a +2 dagger of venom.
You are poisoned.
You closely miss the goblin.
You feel very sick. The goblin misses you.
You riposte.
You closely miss the goblin. You hit the goblin but do no damage.
You feel very sick.
The goblin hits you with a +2 dagger of venom.
* * * LOW HITPOINT WARNING * * *
You are more poisoned.
You are too injured to fight recklessly!
You closely miss the goblin.
* * * LOW HITPOINT WARNING * * *
You feel very sick.
The goblin hits you with a +2 dagger of venom.
You die...

#.####<#######..#
#.# #..........#
#. #########.##
#. #.# #. #####
#.# #. .....###.#
## #.....#
###.### #@# #g#
#.# #.# #.. ###


You could see a goblin.

Vanquished Creatures
  An endoplasm (D:1)
  A goblin (D:1)
  4 kobolds (D:1)
  A quokka (D:1)
  A ball python (D:1)
  2 bats (D:1)
  2 frilled lizards
  3 rats (D:1)
15 creatures vanquished.

Notes
Turn   | Place    | Note
-------+----------+-------------------------------------------
     0 | D:1      | jejorda2 the Merfolk Berserker began the quest for the Orb.
     0 | D:1      | Reached XP level 1. HP: 18/18 MP: 1/1
   259 | D:1      | Reached XP level 2. HP: 24/24 MP: 2/2
  1091 | D:2      | Slain by a goblin

Illustrated notes

Levels and vault maps discovered:
D:1:      dpeg_arrival_water_temple_mockup, layout_basic
D:2:      layout_loops_ring, shapermc_ecumenical_altar_mp_urbaneastern,
          serial_aquarium, aquarium_bridge_square [aquarium_subvault_bridge,
          aquarium_subvault_window, aquarium_subvault_bridge,
          aquarium_subvault_wall], aquarium_window_1, aquarium_window_corner,
          aquarium_window_fake, aquarium_window_1, aquarium_view_2e,
          aquarium_view_2c, aquarium_balcony_5a, uniq_terence

Action                   || total
-------------------------++-------
Melee: Falchion          ||    34
 Stab: Sleeping          ||     1
Armor: Animal skin       ||     6
Dodge: Dodged            ||    20
Block: Buckler           ||     4
       Rpst.: Falchion   ||     8

Table legend: (Time is in decaauts)
 A = Elapsed time spent in this place.
 B = Non-inter-level travel time spent in this place.
 C = Inter-level travel time spent in this place.
 D = Time resting spent in this place.
 E = Time spent auto-exploring this place.
 F = Levels seen in this place.
 G = Mean time per level.
                   A        B        C        D        E       F      G
               +--------+--------+--------+--------+--------+-----+--------+
         Total |   1096 |   1063 |     33 |      0 |    955 |   2 |  548.0 |
       Dungeon |   1096 |   1063 |     33 |      0 |    955 |   2 |  548.0 |
               +--------+--------+--------+--------+--------+-----+--------+

Top non-repeatable levels by time:
     D:1: 1016 daAuts
     D:2: 80 daAuts
